 Dungeon Sprint DCSS version 0.14-a0-2679-gcb94c3d (webtiles) character file.

49671 Egon the Slayer (level 14, -31/157 HPs)
             Began as a Lava Orc Berserker on Feb 17, 2014.
             Was the Champion of Trog.
             Annihilated by an ettin
             ... wielding a +0,+0 dire flail
              (37 damage)
             ... in the Dungeon (Sprint IX: "|||||||||||||||||||||||||||||").
             The game lasted 00:32:43 (5008 turns).

Egon the Slayer (Lava Orc Berserker)                Turns: 5008, Time: 00:32:43

HP -31/157       AC 31     Str 27      XL: 14   Next: 15%
MP  14/14        EV 12     Int  7      God: Trog [******]
Gold 324         SH  0     Dex 14      Spells:  0 memorised, 13 levels left

rFire  + + +     SeeInvis +     a - +11,+8 claymore "Theak" {slice, rPois rN+ Str+3}
rCold  . . .     Clarity  .     Z - +2 plate armour
rNeg   + + .     Conserve .     (no shield)
rPois  +         rCorr    .     o - +0 dwarf helmet
rElec  .         rRot     .     T - +1 cloak "Cuarr" {+Inv rN+ MR++}
SustAb . .       Spirit   .     n - +0 pair of dwarf gloves
rMut   .         Warding  .     S - +1 pair of boots {Fly}
Saprov + . .     NoTele   +     F - amulet "Piuchat" {+Rage Str+3 Dam+4}
MR     ++++.                    P - ring of protection from cold
                                I - ring of see invisible

@: regenerating, flying, incredibly resistant to hostile enchantments, extremely
unstealthy
A: conserve scrolls, saprovore 1
a: Burn Spellbooks, Berserk, Trog's Hand, Brothers in Arms, Renounce Religion,
Evoke Berserk Rage, Evoke Invisibility, Stop Flying


You were in the Dungeon.
You worshipped Trog.
Trog was exalted by your worship.
You were not hungry.

You visited 1 branch You collected 1923 gold pieces.
You spent 1599 gold pieces at shops.

Inventory:

Hand weapons
 a - the +11,+8 claymore "Theak" (weapon) {slice, rPois rN+ Str+3}
   (Trog gifted it to you in the Dungeon)

   It inflicts extra damage upon your enemies.
   It affects your strength (+3).
   It protects you from poison.
   It protects you from negative energy.
 b - the +3,+9 claymore of Klasuir {flame, MR++}
   (Trog gifted it to you in the Dungeon)

   It emits flame when wielded, causing extra injury to most foes and up to
   double damage against particularly susceptible opponents.
   Big, fiery blades are also staple armaments of hydra-hunters.
   It affects your resistance to hostile enchantments.
Armour
 n - a +0 pair of dwarven gloves (worn)
 o - a +0 dwarven helmet (worn)
 S - a +1 pair of boots of flying (worn)
 T - the +1 cloak "Cuarr" (worn) {+Inv rN+ MR++}
   (You found it in the Dungeon)

   It protects you from negative energy.
   It affects your resistance to hostile enchantments.
   It lets you turn invisible.
 Z - a +2 plate armour (worn)
Magical devices
 l - a wand of draining (5)
 L - a wand of polymorph (14) {unknown}
 O - a wand of frost (7) {unknown}
Comestibles
 c - 13 meat rations
 z - 3 rotting chunks of fire giant flesh
 B - a pear
 C - 10 strawberries
 D - 12 bread rations
Scrolls
 i - 3 scrolls of blinking
 k - 3 scrolls of remove curse
 v - a scroll of fog
 w - a scroll of identify
 x - 3 scrolls of enchant weapon III
 y - 2 scrolls of fear
 W - 2 scrolls of enchant armour
 X - 2 scrolls of enchant weapon I
Jewellery
 p - a +3 ring of dexterity
 q - a +2 ring of protection
 F - the amulet "Piuchat" (around neck) {+Rage Str+3 Dam+4}
   (You bought it in a shop in the Dungeon)

   [amulet of rage]

   It affects your strength (+3).
   It affects your damage with ranged weapons and melee attacks (+4).
 I - a ring of see invisible (left hand)
 J - an uncursed ring of positive energy
 K - an uncursed amulet of clarity
 P - a ring of protection from cold (right hand)
 Q - an uncursed ring of ice
 R - an uncursed ring of protection from cold
Potions
 d - 3 potions of curing
 e - 7 potions of heal wounds
 f - 2 potions of speed
 g - 3 potions of magic
 h - 2 potions of berserk rage
 j - a potion of invisibility
 r - a potion of cure mutation
 s - a potion of might
 u - 2 potions of brilliance
 V - a potion of agility


   Skills:
 + Level 23.4 Fighting
   Level 10.2 Short Blades
 + Level 20.8 Long Blades
 + Level 21.5 Armour
 - Level 12.5 Dodging
 - Level 0.6 Stealth


You had 13 spell levels left.
You didn't know any spells.

Dungeon Overview and Level Annotations

Branches:
Dungeon (1/1)

Altars:
Ashenzari
Cheibriados
Dithmenos
Elyvilon
Fedhas
Kikubaaqudgha
Makhleb
Nemelex Xobeh
Okawaru
Sif Muna
Trog
Vehumet
Xom
Yredelemnul
Zin
The Shining One

Shops:
D ==?=


Innate Abilities, Weirdness & Mutations

You have stony skin.
Your flesh is almost immune to the effects of heat.
Your fire spells are more powerful.
Your flesh is vulnerable to cold.
Your heat harms attackers.
You bathe your surroundings in blazing heat.
You are too hot to use scrolls.
You are very good at protecting items from fire.
You can tolerate rotten meat.


Message History

The ettin is heavily wounded.
The ettin hits you with a dire flail! The ettin is singed by your heat.
The ettin is heavily wounded.
Unknown command.
You hit the ettin.
The ettin is severely wounded.
The ettin hits you with a dire flail!
* * * LOW HITPOINT WARNING * * *
The ettin is singed by your heat.
The ettin is severely wounded.
The ettin hits you with a dire flail!
* * * LOW HITPOINT WARNING * * *
The ettin is singed by your heat.
The ettin is severely wounded.
You barely miss the ettin.
The ettin is severely wounded.
The ettin is burned by your radiant heat.
The ettin is severely wounded.
The ettin closely misses you. The ettin hits you with a dire flail!
You die...

▓.▓.▓)▓.▓.▓.▓.▓.▓.
▓)▓.♣'♣.▓.▓.▓.▓.▓.
▓+▓.♣.♣.▓.▓.▓.▓.▓.
▓)▓.♣.♣.▓.▓.▓.▓.▓.
▓)▓.♣.♣.▓.▓.▓)▓.▓.
▓)▓.♣.♣.▓.▓.▓.▓.▓.
▓(▓.♣.♣.▓.▓.▓'▓.▓.
▓)▓.♣.♣.▓.▓.▓)▓.▓)
▓@▓.♣.♣.▓)▓.▓)▓)▓.
▓C▓.♣.♣.▓)▓.▓)▓.▓.
▓H▓.♣)♣.▓.▓.▓)▓.▓.
▓c▓.▓)▓.▓(▓.▓)▓(▓.
▓c▓.▓.▓.▓(▓.▓∩▓.▓.
▓.▓.▓.▓.▓(▓.▓.▓.▓.
▓.▓.▓.▓.▓)▓.▓∩▓.▓.
▓.▓.▓.▓.▓)▓.▓.▓.▓.
▓.▓(▓.▓.▓.▓.▓∩▓.▓)


You could see a griffon, an ettin, a centaur warrior and a yaktaur.

Vanquished Creatures
  A thorn hunter (D)
  3 vault wardens (D)
  Donald (D)
  A fire giant (D)
  A ghost moth (D)
  2 stone giants (D)
  A merfolk impaler (D)
  An ettin (D)
  3 yaktaur captains (D)
  Harold (D)
  Erica (D)
  A naga sharpshooter (D)
  6 hydras (D)
  5 death yaks (D)
  An orc high priest (D)
  A soul eater (D)
  Urug (D)
  3 centaur warriors (D)
  A deep elf knight (D)
  A wizard (D)
  2 sea snakes (D)
  An orb spider (D)
  3 hill giants (D)
  7 orc knights (D)
  2 wolf spiders (D)
  2 orc sorcerers (D)
  A deep elf conjurer (D)
  2 griffons (D)
  A cyclops (D)
  A manticore (D)
  A guardian serpent (shapeshifter) (D)
  A salamander (D)
  A vault sentinel (D)
  2 naga magi (D)
  3 yaktaurs (D)
  A demonic crawler (D)
  A mermaid (D)
  A merfolk (D)
  A red devil (D)
  A giant leech (D)
  A giant firefly (shapeshifter) (D)
  A komodo dragon (D)
  Sonja (D)
  A jumping spider (D)
  A boulder beetle (D)
  3 slime creatures (D)
  A blink frog (D)
  A wind drake (D)
  A basilisk (D)
  A bog body (D)
  A trapdoor spider (D)
  A redback (D)
  A wyvern (D)
  3 ugly things (D)
  3 yaks (D)
  A shadow (D)
  A tarantella (D)
  A hippogriff (D)
  Eustachio (D)
  An orc zombie (D)
  A vampire mosquito (D)
  2 nagas (D)
  11 orc warriors (D)
  A sky beast (D)
  2 crocodiles (D)
  2 giant frogs (D)
  A brain worm (D)
  An eye of draining (shapeshifter) (D)
  An eye of draining (D)
  2 crimson imps (D)
  A hound (D)
  7 orc priests (D)
  5 orc wizards (D)
  An iguana (D)
  A worker ant (D)
  2 adders (D)
  An adder zombie (D)
  2 giant eyeballs (D)
  A giant gecko (D)
  8 orcs (D)
  A hobgoblin (D)
  A kobold (D)
  A quokka (D)
  2 ball pythons (D)
  2 bats (D)
  2 jackals (D)
  3 rats (D)
  A rat zombie (D)
163 creatures vanquished.

Vanquished Creatures (collateral kills)
  A hydra (D)
  A naga warrior (D)
  An anaconda (D)
  A centaur warrior (D)
  A shock serpent (D)
  A griffon (D)
  2 black mambas (D)
  A boring beetle (D)
  A crocodile (D)
  2 agate snails (D)
12 creatures vanquished.

Vanquished Creatures (others)
  An ogre mage (D)
  A swamp worm (shapeshifter) (D)
  2 fungi (D)
4 creatures vanquished.

Grand Total: 179 creatures vanquished

Notes
Turn   | Place    | Note
--------------------------------------------------------------
     0 | D        | Egon, the Lava Orc Berserker, began the quest for the Orb.
     0 | D        | Reached XP level 1. HP: 19/19 MP: 1/1
    16 | D        | Acquired Trog's second power
    16 | D        | Reached skill level 4 in Fighting
   168 | D        | Noticed an orc wizard
   168 | D        | Noticed a sky beast
   185 | D        | Reached XP level 2. HP: 25/28 MP: 2/2
   189 | D        | Killed a sky beast
   189 | D        | Reached skill level 7 in Fighting
   189 | D        | Reached XP level 3. HP: 16/39 MP: 3/3
   189 | D        | Reached XP level 4. HP: 19/47 MP: 4/4
   195 | D        | Killed an orc wizard
   195 | D        | Acquired Trog's third power
   209 | D        | Found a glowing golden altar of the Shining One.
   209 | D        | Found a shattered altar of Ashenzari.
   209 | D        | Found a snail-covered altar of Cheibriados.
   209 | D        | Found a sparkling altar of Nemelex Xobeh.
   209 | D        | Found a bloodstained altar of Trog.
   209 | D        | Found a blossoming altar of Fedhas.
   209 | D        | Found an ancient bone altar of Kikubaaqudgha.
   210 | D        | Found a glowing silver altar of Zin.
   211 | D        | Found a shadowy altar of Dithmenos.
   212 | D        | Found an iron altar of Okawaru.
   213 | D        | Found a white marble altar of Elyvilon.
   214 | D        | Found a radiant altar of Vehumet.
   215 | D        | Found a deep blue altar of Sif Muna.
   216 | D        | Found a basalt altar of Yredelemnul.
   217 | D        | Found a shimmering altar of Xom.
   218 | D        | Found a burning altar of Makhleb.
   219 | D        | Found a basalt altar of Yredelemnul.
   220 | D        | Found a white marble altar of Elyvilon.
   340 | D        | Got the +2,+2 scimitar of Resourcefulness {slice, +Rage Str+3 Int+1 Stlth++}
   371 | D        | Noticed a crocodile
   371 | D        | Noticed a hill giant
   371 | D        | Noticed a crimson imp
   371 | D        | Noticed a worker ant
   374 | D        | Killed a crocodile
   374 | D        | Reached skill level 8 in Fighting
   374 | D        | Reached skill level 5 in Armour
   374 | D        | Reached XP level 5. HP: 56/56 MP: 5/5
   378 | D        | Killed a hill giant
   378 | D        | Reached skill level 10 in Fighting
   378 | D        | Reached XP level 6. HP: 37/67 MP: 6/6
   378 | D        | Reached XP level 7. HP: 40/73 MP: 7/7
   385 | D        | Killed a worker ant
   388 | D        | Killed a crimson imp
   595 | D        | Noticed a giant frog
   595 | D        | Noticed a crimson imp
   595 | D        | Noticed a hippogriff
   595 | D        | Noticed a hound
   595 | D        | Noticed a shadow
   595 | D        | Noticed a wyvern
   604 | D        | Killed a giant frog
   604 | D        | Reached skill level 11 in Fighting
   609 | D        | Killed a hippogriff
   610 | D        | Killed a hound
   615 | D        | Killed a shadow
   615 | D        | Reached XP level 8. HP: 64/82 MP: 8/8
   618 | D        | Killed a wyvern
   618 | D        | Reached skill level 10 in Short Blades
   626 | D        | Killed a crimson imp
   629 | D        | Received a gift from Trog
   836 | D        | Noticed a crocodile
   836 | D        | Noticed a basilisk
   836 | D        | Noticed a six-headed hydra
   839 | D        | Killed a crocodile
   839 | D        | Reached skill level 12 in Fighting
   839 | D        | Reached skill level 1 in Long Blades
   839 | D        | Reached skill level 10 in Armour
   843 | D        | Noticed an iguana
   851 | D        | Killed a basilisk
   856 | D        | Killed a six-headed hydra
   856 | D        | Reached skill level 13 in Fighting
   856 | D        | Reached XP level 9. HP: 41/93 MP: 9/9
   866 | D        | Killed an iguana
   874 | D        | Received a gift from Trog
  1073 | D        | Noticed a griffon
  1073 | D        | Noticed a four-headed hydra
  1073 | D        | Noticed an agate snail
  1073 | D        | Noticed a crocodile
  1073 | D        | Noticed a griffon
  1073 | D        | Noticed a black mamba
  1087 | D        | Killed a griffon
  1097 | D        | Killed a four-headed hydra
  1103 | D        | Noticed a boring beetle
  1112 | D        | Killed an agate snail
  1112 | D        | Received a gift from Trog
  1113 | D        | Killed a crocodile
  1113 | D        | Reached skill level 10 in Long Blades
  1115 | D        | Noticed an agate snail
  1116 | D        | Killed a griffon
  1116 | D        | Killed a black mamba
  1118 | D        | Killed a boring beetle
  1118 | D        | Reached skill level 14 in Fighting
  1122 | D        | Killed an agate snail
  1223 | D        | Noticed a yak
  1223 | D        | Noticed a death yak
  1223 | D        | Noticed a death yak
  1223 | D        | Noticed a yak
  1223 | D        | Noticed a yak
  1223 | D        | Noticed a death yak
  1223 | D        | Noticed a death yak
  1226 | D        | Noticed a death yak
  1227 | D        | Killed a yak
  1234 | D        | Killed a death yak
  1234 | D        | Reached skill level 10 in Dodging
  1234 | D        | Reached XP level 10. HP: 104/104 MP: 10/10
  1237 | D        | Killed a death yak
  1237 | D        | Received a gift from Trog
  1243 | D        | Killed a death yak
  1243 | D        | Reached skill level 15 in Fighting
  1248 | D        | Killed a death yak
  1255 | D        | Killed a death yak
  1257 | D        | Killed a yak
  1262 | D        | Killed a yak
  1275 | D        | Received a gift from Trog
  1447 | D        | Noticed Harold
  1465 | D        | Killed Harold
  1578 | D        | Noticed Sonja
  1592 | D        | Killed Sonja
  1592 | D        | Reached XP level 11. HP: 103/114 MP: 11/11
  1702 | D        | Noticed an orc priest
  1702 | D        | Noticed an orc priest
  1702 | D        | Noticed an orc priest
  1702 | D        | Noticed an orc priest
  1702 | D        | Noticed an orc priest
  1702 | D        | Noticed an orc wizard
  1702 | D        | Noticed an orc knight
  1704 | D        | Killed an orc priest
  1706 | D        | Killed an orc priest
  1707 | D        | Noticed an orc wizard
  1708 | D        | Killed an orc priest
  1708 | D        | Received a gift from Trog
  1708 | D        | Reached skill level 16 in Fighting
  1709 | D        | Noticed an orc priest
  1711 | D        | Killed an orc priest
  1712 | D        | Noticed an orc wizard
  1714 | D        | Killed an orc knight
  1715 | D        | Noticed an orc priest
  1716 | D        | Killed an orc priest
  1717 | D        | Noticed an orc wizard
  1719 | D        | Killed an orc wizard
  1722 | D        | Killed an orc wizard
  1724 | D        | Killed an orc priest
  1728 | D        | Killed an orc wizard
  1728 | D        | Received a gift from Trog
  1729 | D        | Killed an orc priest
  1731 | D        | Killed an orc wizard
  1773 | D        | Received a gift from Trog
  1844 | D        | Noticed an orc warrior
  1844 | D        | Noticed an orc warrior
  1844 | D        | Noticed an orc warrior
  1844 | D        | Noticed an orc warrior
  1844 | D        | Noticed an orc warrior
  1844 | D        | Noticed an orc warrior
  1844 | D        | Noticed an orc warrior
  1848 | D        | Killed an orc warrior
  1849 | D        | Noticed an orc knight
  1850 | D        | Killed an orc warrior
  1853 | D        | Noticed an orc knight
  1856 | D        | Killed an orc warrior
  1860 | D        | Killed an orc warrior
  1861 | D        | Noticed an orc warrior
  1864 | D        | Noticed an orc warrior
  1869 | D        | Noticed an orc warrior
  1869 | D        | Killed an orc warrior
  1873 | D        | Killed an orc knight
  1873 | D        | Received a gift from Trog
  1881 | D        | Killed an orc knight
  1886 | D        | Killed an orc warrior
  1890 | D        | Killed an orc warrior
  1892 | D        | Killed an orc warrior
  1896 | D        | Killed an orc warrior
  1898 | D        | Killed an orc warrior
  1923 | D        | Got a sapphire glaive {god gift}
  1925 | D        | Identified the +5,+4 glaive of Immorality {holy, rF+ Str+1} (Trog gifted it to you in the Dungeon)
  1928 | D        | Received a gift from Trog
  1929 | D        | Got an iridescent scimitar {god gift}
  1930 | D        | Identified the -1,+0 scimitar of Infinite Pain {slice, Hunger+ Int+3} (Trog gifted it to you in the Dungeon)
  2086 | D        | Found Wuutanopt's Jewellery Emporium.
  2086 | D        | Noticed an orc high priest
  2086 | D        | Noticed an orc knight
  2086 | D        | Noticed an orc sorcerer
  2086 | D        | Noticed an orc knight
  2087 | D        | Noticed a soul eater
  2092 | D        | Killed an orc high priest
  2092 | D        | Reached skill level 15 in Armour
  2096 | D        | Killed a soul eater
  2108 | D        | Noticed an orc knight
  2108 | D        | Found Gufacsai's Jewellery Shoppe.
  2116 | D        | Killed an orc knight
  2118 | D        | Killed an orc sorcerer
  2118 | D        | Reached skill level 17 in Fighting
  2122 | D        | Found Agiuwaf's Magic Scroll Emporium.
  2129 | D        | Killed an orc knight
  2129 | D        | Received a gift from Trog
  2132 | D        | Killed an orc knight
  2135 | D        | Found Shrais' Jewellery Shoppe.
  2285 | D        | Noticed an orc sorcerer
  2296 | D        | Killed an orc sorcerer
  2296 | D        | Received a gift from Trog
  2329 | D        | Bought the amulet "Piuchat" {+Rage Str+3 Dam+4} for 884 gold pieces
  2329 | D        | Bought an uncursed ring of see invisible for 195 gold pieces
  2331 | D        | Bought an uncursed ring of positive energy for 260 gold pieces
  2331 | D        | Bought an uncursed amulet of clarity for 260 gold pieces
  2382 | D        | Noticed Eustachio
  2420 | D        | Killed Eustachio
  2420 | D        | Received a gift from Trog
  2495 | D        | Noticed Erica
  2549 | D        | Killed Erica
  2777 | D        | Got the +1 cloak "Cuarr" {+Inv rN+ MR++}
  2834 | D        | Noticed a centaur warrior
  2834 | D        | Noticed an orc warrior
  2834 | D        | Noticed a brain worm
  2834 | D        | Noticed an eye of draining
  2834 | D        | Noticed a komodo dragon
  2834 | D        | Noticed a white ugly thing
  2834 | D        | Noticed a blink frog
  2840 | D        | Killed a centaur warrior
  2843 | D        | Killed an orc warrior
  2844 | D        | Noticed a white ugly thing
  2845 | D        | Killed a brain worm
  2848 | D        | Killed an eye of draining
  2849 | D        | Noticed an eye of draining
  2849 | D        | Paralysed by a giant eyeball for 2 turns
  2851 | D        | Noticed a brown ugly thing
  2852 | D        | Killed a komodo dragon
  2852 | D        | Received a gift from Trog
  2853 | D        | Noticed a hill giant
  2857 | D        | Killed a white ugly thing
  2858 | D        | Paralysed by a giant eyeball for 2 turns
  2861 | D        | Noticed a centaur warrior
  2866 | D        | Killed a white ugly thing
  2873 | D        | Killed a blink frog
  2873 | D        | Reached skill level 18 in Fighting
  2873 | D        | Reached skill level 15 in Long Blades
  2874 | D        | Noticed a naga warrior
  2874 | D        | Killed an eye of draining
  2874 | D        | Received a gift from Trog
  2874 | D        | Reached XP level 12. HP: 67/127 MP: 0/12
  2877 | D        | Killed a brown ugly thing
  2881 | D        | Killed a hill giant
  2887 | D        | Killed a centaur warrior
  2889 | D        | Killed a naga warrior
  3434 | D        | Noticed a naga
  3434 | D        | Noticed a naga
  3434 | D        | Noticed a naga mage
  3434 | D        | Noticed a salamander
  3434 | D        | Noticed a naga sharpshooter
  3434 | D        | Noticed a naga mage
  3434 | D        | Noticed a black mamba
  3435 | D        | Noticed an anaconda
  3440 | D        | Killed a naga
  3441 | D        | Noticed a shock serpent
  3445 | D        | Killed a naga mage
  3445 | D        | Received a gift from Trog
  3447 | D        | Killed a naga
  3451 | D        | Killed a naga sharpshooter
  3455 | D        | Killed a salamander
  3461 | D        | Killed a naga mage
  3466 | D        | Killed an anaconda
  3467 | D        | Killed a shock serpent
  3468 | D        | Killed a black mamba
  3488 | D        | Received a gift from Trog
  3489 | D        | Got a jewelled claymore {god gift}
  3490 | D        | Identified the +11,+8 claymore "Theak" {slice, rPois rN+ Str+3} (Trog gifted it to you in the Dungeon)
  3758 | D        | Noticed a mermaid
  3758 | D        | Noticed a cyclops
  3758 | D        | Noticed a wind drake
  3758 | D        | Noticed a merfolk
  3758 | D        | Noticed a griffon
  3758 | D        | Noticed a sea snake
  3758 | D        | Noticed a sea snake
  3759 | D        | Noticed a manticore
  3763 | D        | Killed a mermaid
  3763 | D        | Reached skill level 19 in Fighting
  3764 | D        | Noticed a merfolk impaler
  3768 | D        | Killed a cyclops
  3772 | D        | Killed a wind drake
  3780 | D        | Killed a merfolk
  3782 | D        | Killed a griffon
  3785 | D        | Killed a sea snake
  3788 | D        | Killed a sea snake
  3790 | D        | Killed a manticore
  3792 | D        | Killed a merfolk impaler
  3797 | D        | Received a gift from Trog
  4004 | D        | Noticed a thorn hunter
  4004 | D        | Noticed a four-headed hydra
  4004 | D        | Noticed a bog body
  4004 | D        | Noticed a five-headed hydra
  4004 | D        | Noticed a giant leech
  4005 | D        | Noticed a vampire mosquito
  4010 | D        | Killed a thorn hunter
  4011 | D        | Noticed a giant frog
  4016 | D        | Killed a hydra
  4016 | D        | Reached skill level 20 in Fighting
  4019 | D        | Killed a bog body
  4023 | D        | Killed a three-headed hydra
  4028 | D        | Killed a giant leech
  4028 | D        | Received a gift from Trog
  4030 | D        | Killed a vampire mosquito
  4033 | D        | Killed a giant frog
  4118 | D        | Noticed a wolf spider
  4118 | D        | Noticed a tarantella
  4118 | D        | Noticed a demonic crawler
  4118 | D        | Noticed a redback
  4118 | D        | Noticed an orb spider
  4118 | D        | Noticed a jumping spider
  4121 | D        | Killed a wolf spider
  4121 | D        | Received a gift from Trog
  4124 | D        | Killed a jumping spider
  4124 | D        | Reached XP level 13. HP: 124/140 MP: 0/13
  4126 | D        | Killed a demonic crawler
  4127 | D        | Killed a redback
  4128 | D        | Killed a tarantella
  4130 | D        | Noticed a ghost moth
  4133 | D        | Killed an orb spider
  4137 | D        | Killed a ghost moth
  4137 | D        | Received a gift from Trog
  4147 | D        | Noticed a wolf spider
  4155 | D        | Killed a wolf spider
  4323 | D        | Noticed a trapdoor spider
  4326 | D        | Killed a trapdoor spider
  4328 | D        | Received a gift from Trog
  4358 | D        | Noticed Donald
  4383 | D        | Killed Donald
  4383 | D        | Reached skill level 21 in Fighting
  4424 | D        | Noticed Urug
  4452 | D        | Killed Urug
  4538 | D        | Noticed a wizard
  4538 | D        | Noticed an ogre mage
  4538 | D        | Noticed an eight-headed hydra
  4538 | D        | Noticed a slime creature
  4538 | D        | Noticed an ettin
  4538 | D        | Noticed a stone giant
  4538 | D        | Noticed a deep elf conjurer
  4541 | D        | Killed a wizard
  4542 | D        | Killed an ogre mage
  4545 | D        | Killed a six-headed hydra
  4548 | D        | Killed a slime creature
  4548 | D        | Received a gift from Trog
  4572 | D        | Killed an ettin
  4576 | D        | Killed a deep elf conjurer
  4581 | D        | Killed a stone giant
  4712 | D        | Paralysed by a giant eyeball for 4 turns
  4717 | D        | Noticed a stone giant
  4719 | D        | Noticed a fire giant
  4721 | D        | Noticed a yaktaur captain
  4728 | D        | Killed a stone giant
  4733 | D        | Killed a fire giant
  4733 | D        | Received a gift from Trog
  4733 | D        | Reached skill level 22 in Fighting
  4735 | D        | Killed a yaktaur captain
  4822 | D        | Noticed a deep elf knight
  4823 | D        | Noticed an eight-headed hydra
  4824 | D        | Noticed a hippogriff
  4825 | D        | Noticed a yaktaur
  4827 | D        | Noticed a slime creature
  4829 | D        | Killed a deep elf knight
  4834 | D        | Killed a four-headed hydra
  4834 | D        | Received a gift from Trog
  4834 | D        | a hippogriff changed into a guardian serpent
  4841 | D        | Killed a yaktaur
  4844 | D        | Killed a slime creature
  4851 | D        | Got a dazzling claymore {god gift}
  4852 | D        | Identified the +3,+9 claymore of Klasuir {flame, MR++} (Trog gifted it to you in the Dungeon)
  4947 | D        | Noticed a boulder beetle
  4947 | D        | Noticed a centaur warrior
  4947 | D        | Noticed a six-headed hydra
  4947 | D        | Noticed a centaur warrior
  4947 | D        | Noticed a yaktaur captain
  4947 | D        | Noticed a hill giant
  4947 | D        | Noticed a yaktaur
  4953 | D        | Noticed a slime creature
  4955 | D        | Killed a boulder beetle
  4955 | D        | Received a gift from Trog
  4959 | D        | Killed a centaur warrior
  4960 | D        | Noticed a vault warden
  4960 | D        | Killed a five-headed hydra
  4961 | D        | Noticed a vault sentinel
  4964 | D        | Noticed an orc knight
  4965 | D        | Killed a yaktaur captain
  4966 | D        | Killed a centaur warrior
  4969 | D        | Killed a hill giant
  4970 | D        | Noticed a yaktaur captain
  4971 | D        | Noticed a vault warden
  4971 | D        | Killed a yaktaur
  4974 | D        | Killed a slime creature
  4978 | D        | Noticed a vault warden
  4978 | D        | Killed a vault warden
  4978 | D        | Reached skill level 23 in Fighting
  4978 | D        | Reached XP level 14. HP: 118/157 MP: 14/14
  4979 | D        | Noticed a yaktaur
  4981 | D        | Killed a vault sentinel
  4981 | D        | Received a gift from Trog
  4982 | D        | Noticed an ettin
  4985 | D        | Killed an orc knight
  4990 | D        | Killed a yaktaur captain
  4992 | D        | Noticed a griffon
  4994 | D        | Noticed a centaur warrior
  4995 | D        | Killed a vault warden
  5000 | D        | Killed a vault warden
  5001 | D        | Noticed a yaktaur
  5003 | D        | Killed a yaktaur
  5007 | D        | HP: 5/157 [ettin/dire flail (25)]
  5008 | D        | Annihilated by an ettin

Action                   |  1- 3 |  4- 6 |  7- 9 | 10-12 | 13-15 || total
-------------------------+-------+-------+-------+-------+-------++-------
Melee: Short sword       |    18 |     2 |       |       |       ||    20
       Scimitar          |       |     5 |    50 |     8 |     6 ||    69
       Demon blade       |       |       |    21 |   221 |       ||   242
       Claymore          |       |       |       |    51 |   115 ||   166
Invok: Berserk           |       |     1 |     1 |     7 |     1 ||    10
       Brothers in Arms  |       |       |     1 |     2 |       ||     3
       Trog's Hand       |       |       |       |     1 |     1 ||     2
Evoke: Wand              |       |       |       |     2 |       ||     2
  Use: Potion            |       |       |       |     2 |       ||     2
